 Dungeon Crawl Stone Soup version 0.24-a0-462-ge24419a6ad (console) character file.

Game seed: 12133079118379660842

8301 Lexodia the Jinx (level 11, -2/68 HPs)
             Began as a Demonspawn Enchanter on July 2, 2019.
             Was a Follower of Uskayaw.
             Slain by an ice devil (14 damage)
             ... in an ice cave.
             The game lasted 00:27:41 (7035 turns).

Lexodia the Jinx (Demonspawn Enchanter)             Turns: 7035, Time: 00:27:42

Health: -2/68      AC:  7    Str: 10    XL:     11   Next: 8%
Magic:  10/16      EV: 12    Int: 16    God:    Uskayaw [*.....]
Gold:   448        SH:  6    Dex: 16    Spells: 2/14 levels left

rFire    . . .     SeeInvis .   L - +0 quick blade
rCold    . . .     Gourm    .   (no shield)
rNeg     . . .     Faith    .   C - +2 robe {Archmagi}
rPois    .         Spirit   .   y - +0 helmet
rElec    .         Reflect  .   O - +0 cloak
rCorr    .         Harm     .   w - +0 pair of gloves
MR       +....                  (no boots)
Stlth    ++++......             t - amulet of regeneration
HPRegen  0.61/turn              h - ring of protection from magic
MPRegen  0.15/turn              A - ring of wizardry

@: no status effects
A: claws 2, large bone plates 2, demonic guardian 1, spiny 1
a: Stomp, Renounce Religion


You were in an ice cave.
You worshipped Uskayaw.
Uskayaw was noncommittal.
You were hungry.

You visited 2 branches of the dungeon, and saw 14 of its levels.
You also visited: Ice Cave.

You collected 448 gold pieces.

Inventory:

Hand Weapons
 r - a +1 dagger of speed
 L - a +0 quick blade (weapon)
Missiles
 u - 4 boomerangs (quivered)
Armour
 g - a +0 large shield
 v - a +2 robe of magic resistance
 w - a +0 pair of gloves (worn)
 y - a +0 helmet (worn)
 C - a +2 robe of the Archmagi (worn)
 O - a +0 cloak (worn)
Jewellery
 h - a ring of protection from magic (left hand)
 t - an amulet of regeneration (around neck)
 A - a ring of wizardry (right hand)
 H - a +2 ring of dexterity
 M - an uncursed ring of poison resistance
 N - an uncursed ring of positive energy
Wands
 b - a wand of disintegration (11)
 x - a wand of acid (24)
 K - a wand of paralysis (17)
Scrolls
 e - 6 scrolls of remove curse {unknown}
 f - 8 scrolls of teleportation
 k - 2 scrolls of amnesia
 o - a scroll of identify
 q - a scroll of magic mapping
 F - 2 scrolls of fear {unknown}
 I - 2 scrolls of enchant weapon {unknown}
Potions
 a - 2 potions of resistance
 c - 3 potions of curing
 i - 2 potions of heal wounds
 j - a potion of might
 l - 2 potions of lignification
 m - a potion of berserk rage
 p - 2 potions of mutation {unknown}
 D - a potion of magic
 E - 4 potions of agility
 G - a potion of flight
Comestibles
 d - 16 rations
 n - 4 chunks of flesh


   Skills:
 + Level 8.9 Short Blades
 - Level 1.7 Dodging
 + Level 9.6 Stealth
 - Level 2.0 Spellcasting
 + Level 9.6 Hexes
 - Level 2.1 Ice Magic
 * Level 7.2 Invocations


You had 2 spell levels left.
You knew the following spells:

 Your Spells              Type           Power        Failure   Level  Hunger
a - Corona                Hex            #####..      1%          1    #......
b - Ensorcelled Hibernat  Hex/Ice        ####..       1%          2    ###....
c - Confuse               Hex            #####...     1%          3    ###....
d - Dazzling Spray        Conj/Hex       ####..       3%          3    ###....
e - Tukima's Dance        Hex            #####...     1%          3    ###....

Your spell library contained the following spells:

 Spells                   Type           Power        Failure   Level  Hunger
 Confusing Touch          Hex            #####.       1%          1    #......
 Animate Skeleton         Necr           N/A          9%          1    #......
 Apportation              Tloc           #.....       9%          1    #......
 Magic Dart               Conj           #...         9%          1    #......
 Pain                     Necr           #...         9%          1    #......
 Shock                    Conj/Air       #...         9%          1    #......
 Summon Small Mammal      Summ           #...         9%          1    #......
 Searing Ray              Conj           #.....       12%         2    ###....
 Swiftness                Chrm/Air       #.......     12%         2    ###....
 Fulminant Prism          Conj/Hex       ####......   12%         4    #####..
 Regeneration             Chrm/Necr      #.........   24%         3    ###....
 Static Discharge         Conj/Air       #.......     24%         3    ###....
 Vampiric Draining        Necr           #.........   24%         3    ###....
 Airstrike                Air            #.........   58%         4    #####..
 Animate Dead             Necr           N/A          58%         4    #####..
 Force Lance              Conj/Tloc      #.......     58%         4    #####..
 Iskenderun's Mystic Bla  Conj           #.......     58%         4    #####..
 Lightning Bolt           Conj/Air       #.........   89%         5    ######.


Dungeon Overview and Level Annotations

Branches:
Dungeon (13/15)            Temple (1/1) D:5            Lair (0/6) D:10
    Orc: D:9-12      Vaults: D:13-14

Altars:
Cheibriados
Elyvilon
Hepliaklqana
Kikubaaqudgha
Makhleb
Qazlal
Ru
Trog
Uskayaw
Wu Jian
Xom

Shops:
D:6 [   D:9 =(

Annotations:
D:11 3 runed translucent doors, motoroller71's ghost, journeyman GnGl IceCv exclusion: 2 ice statues


Innate Abilities, Weirdness & Mutations

You have very sharp fingernails.
You are mostly covered in large bone plates. (SH +6)
A weak demonic guardian rushes to your aid.
You are partially covered in sharp spines.


Message History

Your ufetubus misses the ice devil.
Your ufetubus hits the ice devil but does no damage. x2
Your ufetubus misses the ice devil. You block the ice devil's attack.
Casting: Confuse (safe; 1% risk of failure)
Confirm with . or Enter, or press ? or * to list all spells.
Aiming: Dazzling Spray (safe; 3% risk of failure)
Press: ? - help, Shift-Dir - straight line, f/p - ice devil
Aim: an ice devil (moderately wounded)
You feel a surge of power!
The spray of energy misses the ice devil.
Your demonic guardian avoids your attack.
The spray of energy hits the ice devil!
The ice devil is moderately wounded.
You are feeling hungry.
Your ufetubus closely misses the ice devil.
Your ufetubus hits the ice devil. The ice devil is struck by your spines.
The ice devil hits you.
* * * LOW HITPOINT WARNING * * *
The ice devil freezes you!
You die...

#...∩...#
#...∩...#
##.....##
##...## ##...#
#...## #...##
##...# ##@..##
##8#.44..#8##
#....5..Y.YY#
#.............
#.............
#..............
#..............
#.......⌠......
#..............


You could see 2 ice devils, 3 ice beasts and a friendly ufetubus.

Vanquished Creatures
  A centaur warrior (D:13)
  2 oklob plants (D:10)
  Maurice (D:9)
  2 centaur skeletons (D:13)
  Psyche (D:9)
  A queen bee (D:12)
  Prince Ribbit (D:5)
  Sigmund (D:6)
  A shadow (D:12)
  5 yaks (D:10)
  Eustachio (D:5)
  A hungry ghost (D:8)
  A steam dragon (D:9)
  Menkaure (D:6)
  Edmund (D:6)
  A soldier ant (D:12)
  3 sky beasts
  2 ice beasts
  2 black bears
  A phantom (D:9)
  A centaur (D:10)
  4 ogres
  A big kobold (D:9)
  Blork the orc (D:6)
  5 bullfrogs
  A scorpion (D:8)
  10 killer bees (D:12)
  8 crimson imps
  4 howler monkeys
  2 bullfrog zombies
  4 hounds
  4 jellies
  3 iguanas
  An orc wizard (D:5)
  9 worker ants
  A killer bee zombie (D:6)
  A hound zombie (D:5)
  2 hound skeletons (D:5)
  A worker ant zombie (D:5)
  3 gnolls (D:11)
  9 adders
  2 shadow imps
  12 white imps (D:13)
  2 oozes
  2 adder skeletons
  3 worms
  4 leopard geckos
  10 orcs
  A giant cockroach (D:2)
  7 goblins
  5 hobgoblins
  7 jackals
  9 kobolds
  2 quokkas
  A ball python (D:3)
  2 bats (D:2)
  4 frilled lizards
  A jackal skeleton (D:8)
  A leopard gecko zombie (D:7)
  9 rats
189 creatures vanquished.

Vanquished Creatures (collateral kills)
  A hungry ghost (D:9)
  A black bear (D:6)
  A killer bee (D:12)
3 creatures vanquished.

Vanquished Creatures (others)
  A fungus (D:11)
  2 plants (D:11)
3 creatures vanquished.

Grand Total: 195 creatures vanquished

Notes
Turn   | Place    | Note
-------+----------+-------------------------------------------
     0 | D:1      | Lexodia the Demonspawn Enchanter began the quest for the
                  | Orb.
     0 | D:1      | Reached XP level 1. HP: 13/13 MP: 3/3
    16 | D:1      | Reached skill level 1 in Short Blades
   198 | D:1      | Huge Dmg: 3 dmg
   199 | D:1      | Huge Dmg: 2 dmg
   313 | D:1      | Gained mutation: You are partially covered in large bone
                  | plates. (SH +4) [demonic ancestry]
   313 | D:1      | Reached XP level 2. HP: 12/19 MP: 0/5
   371 | D:1      | Huge Dmg: 3 dmg
   374 | D:1      | Huge Dmg: 3 dmg
   376 | D:1      | Huge Dmg: 2 dmg
   380 | D:1      | Learned a level 2 spell: Ensorcelled Hibernation
   958 | D:2      | Reached XP level 3. HP: 24/24 MP: 0/6
  1052 | D:2      | Huge Dmg: 5 dmg
  1059 | D:2      | Huge Dmg: 5 dmg
  1065 | D:2      | Huge Dmg: 3 dmg
  1072 | D:2      | Huge Dmg: 5 dmg
  1086 | D:2      | Huge Dmg: 3 dmg
  1346 | D:2      | Huge Dmg: 10 dmg
  1485 | D:2      | Gained mutation: You are partially covered in sharp spines.
                  | [demonic ancestry]
  1485 | D:2      | Reached XP level 4. HP: 30/30 MP: 7/7
  1730 | D:3      | Huge Dmg: 8 dmg
  1738 | D:3      | Huge Dmg: 11 dmg
  1789 | D:4      | Noticed an orc warrior
  1871 | D:4      | Learned a level 3 spell: Confuse
  1880 | D:4      | Noticed an ogre
  1891 | D:4      | Killed an ogre
  1891 | D:4      | Reached skill level 1 in Ice Magic
  1891 | D:4      | Reached XP level 5. HP: 35/35 MP: 4/8
  2020 | D:3      | You fall into a shaft and drop 2 floors!
  2020 | D:5      | Entered Level 5 of the Dungeon
  2034 | D:5      | Noticed Prince Ribbit
  2047 | D:5      | Found a staircase to the Ecumenical Temple.
  2069 | D:5      | Huge Dmg: 11 dmg
  2138 | D:5      | Noticed an ogre
  2140 | D:5      | Killed an ogre
  2140 | D:5      | Reached XP level 6. HP: 41/41 MP: 9/9
  2189 | D:5      | Huge Dmg: 18 dmg
  2234 | D:5      | Huge Dmg: 7 dmg
  2240 | D:5      | Huge Dmg: 6 dmg
  2251 | D:5      | Huge Dmg: 11 dmg
  2332 | Temple   | Entered the Ecumenical Temple
  2357 | Temple   | Became a worshipper of Uskayaw the Reveler
  2423 | D:5      | Reached * piety under Uskayaw
  2426 | D:5      | Reached ** piety under Uskayaw
  2496 | D:5      | Noticed a sky beast
  2502 | D:5      | Gained mutation: You have sharp fingernails. [demonic
                  | ancestry]
  2502 | D:5      | Reached XP level 7. HP: 46/46 MP: 10/10
  2579 | D:5      | Huge Dmg: 11 dmg
  2580 | D:5      | Killed Prince Ribbit
  2580 | D:5      | Reached skill level 5 in Stealth
  2580 | D:5      | Reached skill level 5 in Hexes
  2684 | D:5      | Reached *** piety under Uskayaw
  2750 | D:5      | Reached skill level 5 in Short Blades
  2765 | D:5      | Huge Dmg: 17 dmg
  2766 | D:5      | Huge Dmg: 12 dmg
  2890 | D:5      | Noticed Eustachio
  2903 | D:5      | Killed Eustachio
  2903 | D:5      | Gained mutation: A weak demonic guardian rushes to your
                  | aid. [demonic ancestry]
  2903 | D:5      | Reached XP level 8. HP: 52/52 MP: 7/11
  3046 | D:6      | Noticed Sigmund
  3048 | D:6      | Killed Sigmund
  3049 | D:6      | Found Yqodett's Antique Armour Shoppe.
  3081 | D:6      | Noticed Blork the orc
  3084 | D:6      | Killed Blork the orc
  3111 | D:6      | Noticed Menkaure
  3115 | D:6      | Killed Menkaure
  3175 | D:6      | Found a sacrificial altar of Ru.
  3276 | D:6      | Noticed Edmund
  3297 | D:6      | Killed Edmund
  3811 | D:7      | Reached XP level 9. HP: 44/57 MP: 12/12
  3853 | D:7      | Reached **** piety under Uskayaw
  3933 | D:7      | Huge Dmg: 11 dmg
  4773 | D:9      | Found Jomiad's Jewellery Shoppe.
  4997 | D:9      | Learned a level 3 spell: Dazzling Spray
  5001 | D:9      | Learned a level 3 spell: Tukima's Dance
  5031 | D:9      | Noticed Maurice
  5042 | D:9      | Huge Dmg: 33 dmg
  5050 | D:9      | Huge Dmg: 7 dmg
  5053 | D:9      | Huge Dmg: 6 dmg
  5053 | D:9      | Killed Maurice
  5162 | D:9      | Noticed Psyche
  5192 | D:9      | Reached ***** piety under Uskayaw
  5227 | D:9      | Found Galualoq's Antique Weapon Shop.
  5346 | D:9      | Huge Dmg: 18 dmg
  5347 | D:9      | Killed Psyche
  5347 | D:9      | Gained mutation: You are mostly covered in large bone
                  | plates. (SH +6) [demonic ancestry]
  5347 | D:9      | Reached XP level 10. HP: 44/63 MP: 3/13
  5615 | D:10     | Entered Level 10 of the Dungeon
  5707 | D:10     | Reached skill level 1 in Invocations
  5747 | D:10     | Noticed an oklob plant
  5751 | D:10     | Found a staircase to the Lair.
  5751 | D:10     | Noticed an oklob plant
  5757 | D:10     | Huge Dmg: 23 dmg
  5767 | D:10     | Huge Dmg: 25 dmg
  5773 | D:10     | Killed an oklob plant
  5891 | D:10     | Killed an oklob plant
  6090 | D:10     | Huge Dmg: 15 dmg
  6443 | D:11     | Found a runed translucent gate.
  6443 | D:11     | Found a runed translucent gate.
  6443 | D:11     | Found a runed translucent gate.
  6447 | D:11     | Noticed motoroller71's ghost (journeyman GnGl)
  6515 | D:11     | You fall into a shaft and drop 1 floor!
  6556 | D:12     | Reached skill level 5 in Invocations
  6592 | D:12     | Huge Dmg: 9 dmg
  6593 | D:12     | Huge Dmg: 9 dmg
  6613 | D:12     | Reached ****** piety under Uskayaw
  6614 | D:12     | Huge Dmg: 5 dmg
  6745 | D:13     | Found a white marble altar of Elyvilon.
  6852 | D:13     | Found a frozen archway.
  6853 | D:13     | Noticed a centaur warrior
  6871 | D:13     | Killed a centaur warrior
  6871 | D:13     | Gained mutation: You have very sharp fingernails. [demonic
                  | ancestry]
  6871 | D:13     | Reached XP level 11. HP: 56/68 MP: 7/16
  6915 | IceCv    | Entered an ice cave
  7021 | IceCv    | Huge Dmg: 20 dmg
  7024 | IceCv    | Huge Dmg: 16 dmg
  7034 | IceCv    | Huge Dmg: 23 dmg
  7035 | IceCv    | Slain by an ice devil

Levels and vault maps discovered:
D:1:      dpeg_arrival_ratfight, layout_rooms, skrybe_limestone_x
D:2:      layout_loops_cross, kennysheep_boxes
D:3:      layout_basic, first_ration
D:4:      layout_basic, kennysheep_ying_yang, nemelex_dance_club_becter
D:5:      layout_basic, minmay_temple_entry_glass, uniq_prince_ribbit1,
          uniq_eustachio
D:6:      layout_rooms, basic_altar, serial_shops, nicolae_shop_crystal,
          uniq_menkaure, uniq_sigmund, uniq_edmund, uniq_blork_the_orc
D:7:      kennysheep_six_static_rooms, layout_basic
D:8:      layout_basic
D:9:      layout_loops_ring, serial_shops, nicolae_shop_window_shopping, shop,
          uniq_psyche, uniq_maurice
D:10:     layout_loops_ring, dpeg_oklobed_lair
D:11:     layout_rooms, kennysheep_orc_monster_closet_entryway,
          gammafunk_ghost_nasty_kobolds
D:12:     layout_basic, david_nohive_1, uniq_erolcha
D:13:     layout_loops_corners, david_vaults_2, portal_ice_cave_entry_imps,
          gauntlet_entry_generic, basic_altar, hangedman_decor_opposing,
          uniq_frances
Temple:   regret_index_temple_chain_breaker
IceCv:    ice_cave_tombish

Skill      XL: |  1  2  3  4  5  6  7  8  9 10 |
---------------+-------------------------------+-----
Short Blades   | 1 2 3 4 5 6 7 8 |  8.9
Stealth        | 3 4 5 7 8 9 |  9.6
Ice Magic      | 1 2 |  2.1
Hexes          | 4 5 6 8 9 |  9.6
Invocations    | 7 |  7.2
Dodging        | |  1.7
Spellcasting   | |  2.0

Action                   |  1- 3 |  4- 6 |  7- 9 | 10-12 || total
-------------------------+-------+-------+-------+-------++-------
Melee: Dagger            |   120 |    95 |   283 |       ||   498
       Quick blade       |       |       |   117 |   240 ||   357
Throw: Boomerang         |       |       |     2 |       ||     2
 Cast: Corona            |    16 |     9 |     1 |       ||    26
       Ensorcelled Hiber |    12 |    21 |     8 |     4 ||    45
       Confuse           |       |     2 |    18 |     9 ||    29
       Dazzling Spray    |       |       |       |     8 ||     8
Invok: Stomp             |       |       |     2 |     2 ||     4
       Line Pass         |       |       |     2 |     1 ||     3
  Use: Potion            |     2 |       |       |       ||     2
       Scroll            |       |       |       |    18 ||    18
 Stab: Sleeping          |     8 |    17 |    17 |    18 ||    60
       Confused          |       |     2 |    16 |    13 ||    31
       Paralysed         |       |       |     7 |     6 ||    13
       Distracted        |       |       |     3 |     2 ||     5
       Invisible         |       |       |       |     4 ||     4
  Eat: Chunk             |     2 |     6 |    15 |     9 ||    32
Armor: Robe              |    20 |     7 |    41 |    13 ||    81
Dodge: Dodged            |    62 |    27 |    86 |    38 ||   213
Block: Other             |    20 |    10 |    31 |    29 ||    90

Table legend:
 A = Non-vault XP
 B = Vault XP
 C = Vault XP percentage of total XP
 D = Non-vault monster count
 E = Vault monster count
 F = Vault count percentage of total count
                 A         B        C        D         E       F
            +---------+---------+-------+---------+---------+-------
      Total |    7468 |    4391 |  37.0 |     148 |      44 |  22.9
            +---------+---------+-------+---------+---------+-------
        D:1 |      22 |       5 |  18.5 |       9 |       5 |  35.7
        D:2 |      77 |       0 |   0.0 |      22 |       0 |   0.0
        D:3 |      16 |       0 |   0.0 |       7 |       0 |   0.0
        D:4 |     218 |       0 |   0.0 |       6 |       0 |   0.0
        D:5 |     805 |     446 |  35.7 |      20 |       2 |   9.1
        D:6 |     366 |     677 |  64.9 |       7 |       4 |  36.4
        D:7 |     386 |     310 |  44.5 |      13 |       5 |  27.8
        D:8 |     929 |       0 |   0.0 |      17 |       0 |   0.0
        D:9 |     909 |     785 |  46.3 |      19 |       2 |   9.5
       D:10 |    1286 |    1077 |  45.6 |      11 |       2 |  15.4
       D:11 |     262 |       0 |   0.0 |       9 |       0 |   0.0
       D:12 |     372 |     969 |  72.3 |       2 |      12 |  85.7
       D:13 |    1820 |     122 |   6.3 |       6 |      12 |  66.7
            +---------+---------+-------+---------+---------+-------
